[Event "*** Titled Tuesday Blitz"]
[Site "Chess.com"]
[Date "2020.02.04"]
[Round "5"]
[White "MathiasWomacka"]
[Black "Abund"]
[Result "0-1"]
[WhiteElo "2432"]
[BlackElo "2732"]
[TimeControl "180+2"]
[EndTime "14:07:05 PST"]
[Termination "Abund won by resignation"]

1. e4 c5 2. Nf3 Nc6 3. d4 cxd4 4. Nxd4 Nf6 5. Nc3 e5 6. Ndb5 d6 7. Bg5 a6 8. Na3 b5 9. Nd5 Be7 10. Bxf6 Bxf6 11. c3 Rb8 12. Nc2 Bg5 13. a4 bxa4 14. Ncb4 Nxb4 15. cxb4 O-O 16. Rxa4 Bb7 17. Bxa6 Bc6 18.
O-O Bxa4 19. Qxa4 Qe8 20. Qxe8 Rfxe8 21. b5 Bd8 22. Rc1 Bb6 23. Rc6 Bd4 24. b4 Ra8 25. g3 Ra7 26. Kg2 Rb8 27. h4 g6 28.
f4 Kg7 29. Kf3 f5 30. Rxd6 exf4 31. gxf4 fxe4+ 32. Kxe4 Bf2 33. h5 gxh5 34. Kf3 Bg1 35. Kg3 Kf7 36. Kh4 Rg8 37. Kxh5 Bf2 38. Rf6+ Kg7 39. Rf5 Kh8 40. Nf6 Rf8 41. Kg4 Rg7+ 42. Kf3 Bd4 43. b6 Rxf6 44. b7 Rg8 45. Rd5 Ba7 46.
b5 Rgf8 47. f5 Rxf5+ 48. Rxf5 Rxf5+ 49. Ke4 Rg5 0-1

[Event "*** Titled Tuesday Blitz"]
[Site "Chess.com"]
[Date "2020.02.04"]
[Round "5"]
[White "FedaMaster"]
[Black "WelshTiger"]
[Result "1-0"]
[WhiteElo "2588"]
[BlackElo "2330"]
[TimeControl "180+2"]
[EndTime "14:07:06 PST"]
[Termination "FedaMaster won by checkmate"]

1. e4 c5 2. d4 cxd4 3. c3 Nf6 4. e5 Nd5 5. Nf3 Nc6 6. Bc4 Nb6 7.
Bb3 d5 8. exd6 Qxd6 9. Na3 dxc3 10. Qe2 e6 11. Nb5 Qb8 12. O-O a6 13. Nxc3 Bd6 14.
Be3 Bc7 15. Bc5 Nd7 16. Ba3 Bd6 17. Bxe6 O-O 18. Bxd7 Bxd7 19. Bxd6 Qxd6 20. Rad1 Qe6 21. Qd2 Rad8 22. Rfe1 Qc4 23. Re4 Qc5 24. Qe1 Be6 25. Rxd8 Rxd8 26. h3 h6 27. Re3 Qd6 28. Ne4 Qb4 29. b3 Qxe1+ 30. Rxe1 Bd5 31. Nfd2 Nb4 32. Nc5 Nxa2 33. Nf1 Nb4 34. Re7 Rc8 35. Nd7 Be6 36. Nb6 Rc1 37. Rxb7 Bxb3 38. g4 a5 39. Kg2 a4 40. Ne3 Nd3 41. Nd7 Nf4+ 42. Kf3 Nd5 43. Rb8+ Kh7 44. Nf8+ Kg8 45. Nf5 Nf6 46. Ne7+ Kh8 47.
Nfg6+ Kh7 48. Rh8# 1-0

[Event "*** Titled Tuesday Blitz"]
[Site "Chess.com"]
[Date "2020.02.04"]
[Round "5"]
[White "JozefKneht"]
[Black "Playgood28"]
[Result "1/2-1/2"]
[WhiteElo "2431"]
[BlackElo "2278"]
[TimeControl "180+2"]
[EndTime "14:07:06 PST"]
[Termination "Game drawn by repetition"]

1. d4 f5 2. Bf4 Nf6 3. e3 d6 4. h3 g6 5. Nf3 Bg7 6. Be2 O-O 7. O-O Nc6 8. c4 Qe8 9. Nc3 e5 10. Bh2 h6 11. Rb1 a5 12. a3 g5 13.
b4 axb4 14. axb4 f4 15. c5 Bf5 16. b5 Na5 17. Ra1 b6 18. cxd6 cxd6 19. dxe5 dxe5 20.
exf4 exf4 21. Re1 Kh8 22. Bd3 Qg6 23. Bxf5 Qxf5 24. Nd4 Qd7 25. Ne6 Qxd1 26. Raxd1 Rfe8 27. Nxg7 Kxg7 28. Kf1 Nb3 29. Rxe8 Rxe8 30. f3 Re3 31.
Nd5 Nxd5 32. Rxd5 Nc5 33. Bg1 Rc3 34. Bxc5 bxc5 35. b6 Rb3 36. Rd7+ Kg6 37. b7 Rb2 38. Rc7 c4 39. Rxc4 Rxb7 40. Rc6+ Kg7 41. Kf2 Rb2+ 42.
Kf1 Rd2 43. Re6 Ra2 44. Re4 Rb2 45. h4 Kg6 46. hxg5 hxg5 47. Re6+ Kf5 48. Re8 Ra2 49.
Rf8+ Kg6 50. Rg8+ Kf6 51. Re8 Rb2 52. Re4 Ra2 53. Kg1 Kf5 54. Kf1 Ra1+ 55. Ke2 Ra2+ 56. Kf1 Ra1+ 57. Ke2 Ra2+ 58. Kf1 1/2-1/2

[Event "*** Titled Tuesday Blitz"]
[Site "Chess.com"]
[Date "2020.02.04"]
[Round "5"]
[White "quesfr"]
[Black "Slovak_fighter2000"]
[Result "1-0"]
[WhiteElo "2072"]
[BlackElo "2499"]
[TimeControl "180+2"]
[EndTime "14:07:09 PST"]
[Termination "quesfr won by resignation"]

1. e4 g6 2. d4 Bg7 3. Nc3 a6 4. f4 d5 5. Nxd5 f5 6. Bd3 fxe4 7.
Bxe4 c6 8. Nc3 Qxd4 9. Qxd4 Bxd4 10. Nge2 Bb6 11. Bf3 Nf6 12. Bd2 Bf5 13. O-O-O Nbd7 14. Ng3 Be6 15. Rhe1 Kf7 16. Re2 Rhe8 17. Rde1 Bg4 18. Bxg4 Nxg4 19. h3 Bf2 20. hxg4 Bxg3 21. Rh1 h5 22.
gxh5 gxh5 23. Rxh5 Nf6 24. Rh3 Rg8 25. Ne4 Nxe4 26.
Rxe4 Rae8 27. Re5 e6 28. Rh7+ Kf6 29. Rxb7 Bh2 30. Re2 Kf5 31. Rh7 Bg3 32. Rf7+ Kg4 33. Re5 Rd8 34. Rxe6 Bh4 35. c3 Kg3 36. Re2 Rd6 37.
Rh7 Bf6 38. Kc2 Rgd8 39. Rf7 Kg4 40. Bc1 c5 41. Rd2 c4 42. Rxd6 Rxd6 43. b3 cxb3+ 44.
axb3 Kf5 45. Be3 Ke4 46. Bd2 Rc6 47. Rf8 Bg7 48. Rg8 Bf6 49. g4 Be7 50. Re8 Rc7 51. f5 Kd5 52. g5 Bd6 53. Rd8 Kc6 54. Rxd6+ Kxd6 55. Bf4+ 1-0

[Event "*** Titled Tuesday Blitz"]
[Site "Chess.com"]
[Date "2020.02.04"]
[Round "5"]
[White "Leonid_Starozhilov"]
[Black "SantoBlue"]
[Result "0-1"]
[WhiteElo "2666"]
[BlackElo "2826"]
[TimeControl "180+2"]
[EndTime "14:07:10 PST"]
[Termination "SantoBlue won by checkmate"]

1. e4 e5 2. Nf3 Nc6 3. Bc4 Bc5 4. d3 Nf6 5. Nc3 O-O 6. Be3 Bxe3 7. fxe3 d6 8. a3 Be6 9. Bxe6 fxe6 10. O-O d5 11. exd5 exd5 12. e4 d4 13. Nd5 Nxd5 14. exd5 Qxd5 15. Qe2 Rae8 16. Nd2 Ne7 17.
Rxf8+ Rxf8 18. Re1 Ng6 19. g3 Qd8 20. Qe4 c6 21. Qe2 Qd5 22. Ne4 Ne7 23. Nd2 Ng6 24. Ne4 a5 25. Qh5 Qf7 26. Qe2 a4 27. h4 b5 28. h5 Ne7 29. Ng5 Qf5 30. Qxe5 Qf2+ 31.
Kh1 h6 32. Qe6+ Kh8 33. Qxe7 hxg5 34. Qe5 Qf3+ 35. Kg1 Qf2+ 36. Kh1 Rf6 37. Qe8+ Kh7 38. Qe4+ Kh6 39. Qe5 Qf3+ 40. Kg1 Qf2+ 41. Kh1 Kxh5 42. g4+ Kh4 43. Qe4 Kh3 44. Rg1 Qh2# 0-1

[Event "*** Titled Tuesday Blitz"]
[Site "Chess.com"]
[Date "2020.02.04"]
[Round "5"]
[White "kacprekt"]
[Black "Storne89"]
[Result "0-1"]
[WhiteElo "2402"]
[BlackElo "2643"]
[TimeControl "180+2"]
[EndTime "14:07:10 PST"]
[Termination "Storne89 won by resignation"]

1. d4 Nf6 2. c4 e6 3. Nc3 Bb4 4. Bf4 O-O 5. Qb3 a5 6. e3 d6 7.
Nf3 b6 8. a3 Bxc3+ 9. Qxc3 a4 10. Bd3 Bb7 11. O-O Nbd7 12. Nd2 Qe7 13. Bg5 c5 14. f4 Rfc8 15. Qc2 h6 16. Bh4 d5 17. f5 e5 18. dxe5 Nxe5 19. cxd5 Bxd5 20. Be4 Rd8 21. Rae1 Neg4 22. Bxd5 Rxd5 23. e4 Rd4 24. e5 Nxe5 25. Bg3 Qd7 26. Bxe5 Rxd2 27. Qc3 Qd5 28. Qg3 Rd3 29. Rf3 Rxf3 30. gxf3 Re8 31. Bxf6 Rxe1+ 32. Qxe1 gxf6 33. Qe8+ Kg7 34. Kg2 Qd2+ 35. Kg3 Qg5+ 36.
Kf2 Qd2+ 37. Kg3 Qxb2 38. Qxa4 Qe5+ 39. Kf2 Qxf5 40. Qc6 Qe6 41. Qc7 c4 42. a4 h5 43.
Qg3+ Kh7 44. Qh4 Kg6 45. Qg3+ Kh6 46. Qf4+ Kg7 47. Qg3+ Kh7 48. Qh4 c3 49. Qxh5+ Kg7 50. Qh4 Qa2+ 51. Kg1 Qb1+ 52. Kg2 Qc2+ 53. Kg1 Qd1+ 54.
Kf2 Qd2+ 55. Kf1 c2 0-1

[Event "*** Titled Tuesday Blitz"]
[Site "Chess.com"]
[Date "2020.02.04"]
[Round "5"]
[White "Dhaydon19"]
[Black "Gordima"]
[Result "1/2-1/2"]
[WhiteElo "2673"]
[BlackElo "2806"]
[TimeControl "180+2"]
[EndTime "14:07:12 PST"]
[Termination "Game drawn - insufficient material"]

1. d4 d5 2. c4 e6 3. cxd5 exd5 4. Nc3 c6 5. Bf4 Bd6 6. Bg3 Bf5 7. e3 Nf6 8. Bd3 Bg6 9. Nge2 Qe7 10. O-O Nbd7 11. Qc2 O-O 12. Rab1 a5 13. Rfe1 Bxd3 14. Qxd3 Ne4 15. Nxe4 dxe4 16. Bxd6 Qxd6 17. Qxe4 Rfe8 18. Qc2 Nf6 19. Ng3 h5 20. a3 a4 21. b4 axb3 22. Rxb3 g6 23. Rxb7 h4 24. Nf1 Rxa3 25.
Rc1 h3 26. Qxc6 Qxc6 27. Rxc6 Ne4 28. Rc2 hxg2 29. Kxg2 Nd6 30. Rbb2 Nf5 31. Nd2 Kg7 32. Ra2 Rd3 33. Kf1 Rexe3 34. fxe3 Nxe3+ 35. Ke2 Nxc2 36. Rxc2 Rxd4 37. Nf3 Rd7 38. Kf2 Re7 39.
Kg3 f6 40. Rc6 g5 41. h3 Ra7 42. Nd4 Kg6 43. Rc3 Rd7 44. Nf3 Rd6 45. Rc8 Ra6 46.
Rg8+ Kf7 47. Rb8 Kg6 48. Re8 Rd6 49. Re3 Rc6 50. Nd2 Rd6 51. Nc4 Rd4 52. Nb2 Rd6 53. Nd3 Ra6 54. Nc5 Rd6 55. Nd3 Rc6 56. Rf3 Rd6 57. Nf2 Rc6 58. Ng4 Re6 59. Re3 Rd6 60. Nf2 Rc6 61. Nd3 Rd6 62. Nc5 Rc6 63. Nd3 Rd6 64.
Kf3 Rc6 65. Ke2 Rd6 66. Nf2 Rc6 67. Ne4 Re6 68. Kf3 f5 69. Nf2 g4+ 70. hxg4 Rxe3+ 71. Kxe3 fxg4 72. Nxg4 1/2-1/2

[Event "*** Titled Tuesday Blitz"]
[Site "Chess.com"]
[Date "2020.02.04"]
[Round "5"]
[White "Schachmalanders"]
[Black "Borsuk_Konstantin"]
[Result "0-1"]
[WhiteElo "2277"]
[BlackElo "2535"]
[TimeControl "180+2"]
[EndTime "14:07:17 PST"]
[Termination "Borsuk_Konstantin won by resignation"]

1. e4 e6 2. d4 d5 3. exd5 exd5 4. Nf3 Nf6 5. Bd3 Bg4 6. O-O h6 7. c3 Be7 8. Re1 O-O 9. Bf4 Bd6 10. Bxd6 Qxd6 11.
Nbd2 Nbd7 12. Qc2 Rae8 13. Rxe8 Rxe8 14. Re1 Rxe1+ 15. Nxe1 b6 16. Nef3 c5 17. Bf5 g6 18.
Bxg6 fxg6 19. Qxg6+ Kf8 20. Qxh6+ Ke7 21. Qg5 Bxf3 22. Nxf3 Qe6 23. h3 c4 24. Ne5 Kd6 25. f4 b5 26. h4 Qg8 27. Qh6 Kc7 28. Nxd7 Nxd7 29. Qa6 Qg3 30. Qxa7+ Kd6 31. Qa6+ Ke7 32. Qh6 Nf6 33. Qg5 Qe1+ 34. Kh2 Kf7 35. h5 Qb1 36. f5 Ne4 37. Qg6+ Kf8 38. h6 Qe1 39. Qg7+ Ke8 40.
Qg6+ Kd8 41. Qg4 Nf6 42. Qg5 Qe7 43. Qg7 Qxg7 44. hxg7 Ke7 45. Kh3 Kf7 46. g4 Kxg7 47. g5 Ne4 48. Kg4 Nf2+ 49. Kf4 Nd3+ 50. Kg4 Nxb2 51.
Kh5 Nd3 52. f6+ Kf7 53. Kg4 Kg6 54. f7 Kxf7 55. Kf5 b4 56. cxb4 c3 57. b5 c2 58.
g6+ Kg7 59. b6 c1=Q 0-1

[Event "*** Titled Tuesday Blitz"]
[Site "Chess.com"]
[Date "2020.02.04"]
[Round "5"]
[White "bsnsun"]
[Black "Rodalquilar"]
[Result "1/2-1/2"]
[WhiteElo "2435"]
[BlackElo "2653"]
[TimeControl "180+2"]
[EndTime "14:07:20 PST"]
[Termination "Game drawn by repetition"]

1. Nf3 d5 2. d4 Nf6 3. c4 dxc4 4. e3 g6 5. Bxc4 Bg7 6. Nc3 O-O 7. O-O Ne8 8. h3 Nd6 9. Bb3 Nc6 10. e4 e5 11.
Bg5 Qd7 12. dxe5 Nxe5 13. Nxe5 Bxe5 14. Qf3 Kg7 15. Nd5 f6 16. Bf4 c6 17. Nc3 Qe7 18.
Rad1 Nf7 19. Be3 Be6 20. Bxe6 Qxe6 21. Na4 Qxa2 22. Nc5 b6 23. Nd7 Rfd8 24. Nxe5 Nxe5 25. Qf4 Qe6 26. Qh6+ Kg8 27. f4 Nf7 28. Qh4 Qxe4 29.
Rxd8+ Rxd8 30. Re1 Qb4 31. Bf2 Qxb2 32. f5 g5 33. Qc4 Qb5 34. Qe6 Kg7 35. h4 Qd5 36. Qe7 Qd7 37. Qe4 Nd6 38. Qa4 Nxf5 39. hxg5 fxg5 40.
Qg4 h6 41. Qe4 Qd5 42. Qa4 a5 43. Bxb6 Nh4 44. Qc2 Qd2 45. Re7+ Kf6 46. Bxd8 Qxd8 47. Re2 Qd4+ 48. Rf2+ Kg7 49. Qxc6 a4 50. Qc7+ Kh8 51.
Qc8+ Kh7 52. Qb7+ Kh8 53. Qb8+ Kh7 54. Qc7+ Kh8 55. Qc8+ Kh7 56. Qc2+ Kg7 57. Qc7+ Kh8 1/2-1/2

[Event "*** Titled Tuesday Blitz"]
[Site "Chess.com"]
[Date "2020.02.04"]
[Round "5"]
[White "AliKa2810"]
[Black "mbojan"]
[Result "1-0"]
[WhiteElo "2649"]
[BlackElo "2744"]
[TimeControl "180+2"]
[EndTime "14:07:23 PST"]
[Termination "AliKa2810 won by resignation"]

1. e4 c5 2. Nf3 Nc6 3. Bb5 g6 4. O-O Bg7 5. Bxc6 dxc6 6. d3 Nf6 7. a4 Nd7 8. Nc3 e5 9. Be3 Qe7 10. a5 Nf8 11. Nd2 Ne6 12. Nc4 O-O 13. Ne2 h6 14.
Qd2 Kh7 15. f4 exf4 16. Nxf4 Nxf4 17. Bxf4 Rd8 18. Kh1 Be6 19. Ne5 Rac8 20. Qf2 Re8 21. Rae1 Rf8 22. Re3 g5 23. Bg3 f5 24. Ng6 Kxg6 25.
exf5+ Kh7 26. Rxe6 Qxe6 27. fxe6 Rxf2 28. Bxf2 Re8 29.
Re1 b6 30. axb6 axb6 31. b3 Kg6 32. g4 Bc3 33. Re4 Kf6 34. Kg2 Rxe6 35. Rxe6+ Kxe6 36.
Kf3 Kd5 37. h4 gxh4 38. Bxh4 b5 39. Bf2 c4 40. dxc4+ bxc4 41. bxc4+ Kxc4 42. Be3 Bg7 43. Bd2 Kd4 44. Kf4 Bf8 45. Kf5 Be7 46. Kg6 Ke4 47.
Kxh6 Kf3 48. g5 Ke2 49. g6 Bf6 50. Ba5 Kd1 51. c3 Kc2 52. g7 Bxg7+ 53. Kxg7 Kb3 54. Kf6 c5 55. Ke6 Ka4 56. Bc7 Kb3 57. Be5 Kc4 1-0

[Event "*** Titled Tuesday Blitz"]
[Site "Chess.com"]
[Date "2020.02.04"]
[Round "5"]
[White "Sanyura"]
[Black "vlad_Sid"]
[Result "0-1"]
[WhiteElo "2490"]
[BlackElo "2734"]
[TimeControl "180+2"]
[EndTime "14:07:24 PST"]
[Termination "vlad_Sid won by resignation"]

1. e4 c6 2. d3 d5 3. Nd2 e5 4. Ngf3 Qc7 5. g3 Nf6 6. Bg2 Bg4 7. O-O dxe4 8. dxe4 Nbd7 9. h3 Bh5 10. a4 a5 11. Qe2 Bc5 12. g4 Bg6 13. Nh4 O-O 14. Nf5 Rfe8 15. h4 Rad8 16. h5 Bxf5 17. gxf5 h6 18.
Kh1 Nh7 19. Nf3 Ndf6 20. Nh2 Ng5 21. Rg1 Nfh7 22. Ng4 Qb6 23. Bxg5 Nxg5 24. f6 Rd6 25. fxg7 Kxg7 26. b3 Red8 27. Nxe5 Rd2 28. Qg4 Rxf2 29. Rgf1 Qc7 30. Nd3 Rxc2 31. Rad1 Rc3 32.
Qe2 Qg3 33. Nxc5 Rxd1 34. Rxd1 Rxc5 35. Qd2 Qc3 36. Qd6 Qe5 37. Qd2 Rc3 38. Rf1 Rxb3 39. Qc1 Rb2 40. Rf5 Qd4 41. Rxg5+ hxg5 42. Qxg5+ Kf8 43. Qh6+ Ke8 44. Qg5 Rb1+ 45. Kh2 Qg1+ 46.
Kh3 Rb3+ 47. Kh4 Qh2+ 0-1

[Event "*** Titled Tuesday Blitz"]
[Site "Chess.com"]
[Date "2020.02.04"]
[Round "5"]
[White "FelixJoseYnojosa"]
[Black "jefferyx"]
[Result "1/2-1/2"]
[WhiteElo "2668"]
[BlackElo "2925"]
[TimeControl "180+2"]
[EndTime "14:07:43 PST"]
[Termination "Game drawn by agreement"]

1. e4 e5 2. Nf3 Nc6 3. Bc4 Bc5 4. Nc3 a6 5. d3 d6 6. a4 Nf6 7. Bg5 h6 8. Bxf6 Qxf6 9. Nd5 Qd8 10. c3 Ba7 11. h3 Ne7 12. d4 Ng6 13. dxe5 dxe5 14. Qb3 c6 15. Nb6 Qxb6 16. Bxf7+ Ke7 17. Qxb6 Bxb6 18.
Bxg6 Kf6 19. Bh5 Be6 20. Bg4 Bf7 21. a5 Ba7 22. h4 Rad8 23. O-O Rd6 24. Rfd1 Rhd8 25.
Rxd6+ Rxd6 26. Kf1 Bb3 27. Ke1 Bc2 28. Bc8 g5 29.
hxg5+ hxg5 30. Bxb7 g4 31. Nd2 Bxf2+ 32. Kxf2 Rxd2+ 33. Ke3 Rxg2 34. Bxa6 Rg3+ 35. Kf2 Rf3+ 36. Ke2 Bxe4 37.
Bc4 g3 38. Rf1 Rf4 39. a6 g2 40. Rxf4+ exf4 41. Kf2 c5 42. b4 Ke7 43. b5 Kd6 44. b6 Kc6 45. b7 Kc7 46. Be2 Kb8 47. Bc4 Ka7 48. Be2 f3 49. Bc4 Bc2 50. Bd5 Bd1 51. Be4 Be2 52. Bd5 Bxa6 53. Bxf3 Bxb7 54. Bxb7 Kxb7 55.
Kxg2 Kc6 56. Kf3 Kb5 57. Ke3 Ka4 58. c4 Kb4 59. Kd3 Kb3 60. Kd2 Kxc4 61. Kc2 1/2-1/2

[Event "*** Titled Tuesday Blitz"]
[Site "Chess.com"]
[Date "2020.02.04"]
[Round "5"]
[White "vugarrasulov"]
[Black "LADIESGET2KNOWME"]
[Result "1-0"]
[WhiteElo "2899"]
[BlackElo "2500"]
[TimeControl "180+2"]
[EndTime "14:07:51 PST"]
[Termination "vugarrasulov won by resignation"]

1. e4 e5 2. Nc3 Nf6 3. Bc4 Nxe4 4. Qh5 Nd6 5. Bb3 Be7 6. Nf3 Nc6 7. Nxe5 Nxe5 8.
Qxe5 O-O 9. Nd5 Bh4 10. O-O Re8 11. Qf4 Re4 12. Qf3 c6 13. d3 Re5 14. Bf4 Rf5 15. Qh3 cxd5 16. Bxd6 Rh5 17. g3 Rh6 18.
Bf4 Bg5 19. Qg4 Bxf4 20. Qxf4 Rh5 21. Rfe1 d6 22. Re3 Be6 23. Rae1 Rf5 24. Qd4 Qg5 25.
f4 Qg4 26. c3 h5 27. h4 Qg6 28. Kh2 Qf6 29. Qxf6 Rxf6 30. Bd1 g6 31. Bf3 Rc8 32. d4 b5 33. Kg2 a5 34. Kf2 b4 35. Rc1 Kg7 36. Ke1 Rb8 37. b3 bxc3 38. Rcxc3 Rb4 39. Rc6 Bf5 40. Bxd5 Rxd4 41. Bc4 Bg4 42. Rd3 Re4+ 43. Kd2 Re2+ 44. Kc3 Rxa2 45. Rcxd6 Rxd6 46. Rxd6 Rg2 47. Rd3 Be2 48. Re3 Bxc4 49. bxc4 Rg1 50. c5 Rc1+ 51. Kd4 Kf6 52. Kd5 a4 53. c6 Rd1+ 54. Kc5 Rc1+ 55.
Kd6 Rd1+ 56. Kc5 Rc1+ 57. Kb6 Rb1+ 58. Ka6 Rc1 59. Kb7 Rb1+ 60. Kc8 Rc1 61. c7 Kf5 62.
Kd7 Rd1+ 63. Ke8 Rc1 64. Kd7 Rd1+ 65. Kc6 Rc1+ 66. Kb6 Rb1+ 67. Ka5 Rc1 68. Re5+ Kg4 69. Kb6 a3 70. Rc5 Rb1+ 71. Kc6 a2 72. c8=Q+ Kxg3 73. Rc3+ Kf2 74. Qh3 Rc1 75. Qh2+ 1-0

[Event "*** Titled Tuesday Blitz"]
[Site "Chess.com"]
[Date "2020.02.04"]
[Round "5"]
[White "almaguerjm"]
[Black "vovachesss"]
[Result "0-1"]
[WhiteElo "2408"]
[BlackElo "2570"]
[TimeControl "180+2"]
[EndTime "14:07:53 PST"]
[Termination "vovachesss won by checkmate"]

1. d4 Nf6 2. Nf3 b6 3. c4 Bb7 4.
Nc3 e6 5. a3 d5 6. Bg5 Nbd7 7.
e3 Be7 8. Qc2 O-O 9. cxd5 exd5 10.
Bd3 c5 11. O-O Rc8 12. Rac1 h6 13. Bh4 Re8 14. Bb5 a6 15. Bxf6 Bxf6 16. Bd3 Nf8 17. Bf5 Rc7 18. Qb3 Qd6 19. dxc5 bxc5 20. Rfd1 d4 21.
exd4 Bxf3 22. gxf3 Bxd4 23. Ne4 Qf4 24. Ng3 Rce7 25. Be4 Ne6 26. Bc6 Rb8 27. Qa4 Rxb2 28. Rc2 Reb7 29. Kg2 Rxc2 30. Qxc2 Rb2 31. Qf5 Rxf2+ 32.
Kh1 Qh4 33. Nf1 g6 34. Qg4 Qf6 35. Nd2 h5 36. Qg3 h4 37. Qg4 Re2 38. Ne4 Qe5 39.
Qxh4 Nf4 40. Ng5 Nh5 41. Be4 Kg7 42. Bd3 Rb2 43. Re1 Qf4 44. Qxf4 Nxf4 45. Bc4 f6 46. Re7+ Kh6 47. Nf7+ Kh5 48. Re1 Nh3 49. Re2 Rb1+ 50. Kg2 Nf4+ 51. Kg3 g5 52. h4 Rg1+ 53. Kh2 Kxh4 54.
Rd2 Rc1 55. Bd3 Bg1+ 56. Kh1 Bf2+ 57. Kh2 Bg3# 0-1

[Event "*** Titled Tuesday Blitz"]
[Site "Chess.com"]
[Date "2020.02.04"]
[Round "5"]
[White "PaulfromSPb"]
[Black "GoingKronos"]
[Result "1-0"]
[WhiteElo "2632"]
[BlackElo "2445"]
[TimeControl "180+2"]
[EndTime "14:07:57 PST"]
[Termination "PaulfromSPb won by checkmate"]

1. e4 e5 2. Nf3 d6 3. d4 exd4 4. Nxd4 Nf6 5. Nc3 Be7 6. g3 O-O 7. Bg2 Re8 8. O-O Bf8 9. h3 c6 10.
b3 Nbd7 11. a4 a5 12. Re1 Ne5 13. Ba3 Qb6 14. Kh2 Bd7 15. f4 Ng6 16. Qd3 Rad8 17. Nf5 d5 18. exd5 Rxe1 19. Rxe1 Bxa3 20. Ne3 Bb4 21. Nc4 Qc5 22. dxc6 bxc6 23. f5 Bxc3 24. Qxc3 Bxf5 25. Qxa5 Qxa5 26. Nxa5 Rd2 27. Kg1 Rxc2 28. Nxc6 Bxh3 29. Bh1 h5 30. a5 h4 31.
Nb4 Rc7 32. gxh4 Nxh4 33. a6 Bg4 34. Bb7 Nf3+ 35. Kf2 Nxe1 36. a7 Nf3 37. a8=Q+ Kh7 38. Bxf3 Bxf3 39. Qxf3 Rc5 40. Nd3 Rc2+ 41. Ke3 Rc3 42.
Qh3+ Kg8 43. Qf3 Rxb3 44. Qa8+ Kh7 45. Kd4 Rb1 46. Ne5 Rd1+ 47. Kc3 Rc1+ 48. Kb2 Rg1 49. Nxf7 Rg3 50. Qh1+ Kg6 51. Ne5+ Kf5 52. Nc4 Ne4 53. Qh5+ Rg5 54. Qf7+ Nf6 55. Qc7 Rg2+ 56. Kb3 Rf2 57. Qc5+ Kg6 58. Qxf2 Ne4 59. Qg2+ Ng5 60. Ne3 Kf6 61. Qd5 g6 62. Ng4+ Kg7 63. Qxg5 Kh7 64. Qh6+ Kg8 65. Qxg6+ Kh8 66. Qh6+ Kg8 67. Qh1 Kf7 68.
Nh2 Kg6 69. Kc3 Kg5 70. Qg2+ Kh4 71. Qg4# 1-0

[Event "*** Titled Tuesday Blitz"]
[Site "Chess.com"]
[Date "2020.02.04"]
[Round "5"]
[White "DanielDardha2005"]
[Black "AntonSmirnov"]
[Result "1/2-1/2"]
[WhiteElo "2666"]
[BlackElo "2891"]
[TimeControl "180+2"]
[EndTime "14:08:10 PST"]
[Termination "Game drawn by repetition"]

1. Nf3 d5 2. c4 d4 3. b4 f6 4. e3 e5 5. c5 a5 6. Qa4+ Bd7 7. b5 Bxc5 8. Bc4 Ne7 9. exd4 exd4 10. O-O Bg4 11.
Qb3 a4 12. Qd3 Nd7 13. Re1 Nb6 14. Ba3 Qd6 15. Bxc5 Qxc5 16. Be6 Bxe6 17. Rxe6 Kf7 18. Re1 Rhe8 19. Na3 Ng6 20. Nc2 Nf4 21. Qxd4 Qxd4 22. Ncxd4 Rxe1+ 23. Rxe1 Re8 24. Rc1 Nbd5 25. g3 Nd3 26. Rc4 Ra8 27. Kf1 a3 28. Nc2 Nb2 29. Rc5 Ke6 30. Nfd4+ Kd6 31. Nb3 Ra4 32. Ke2 Nc4 33.
Ne3 Ncxe3 34. fxe3 h5 35. Rc1 h4 36. Nd4 hxg3 37. hxg3 g6 38. g4 Rb4 39. Rc2 Rb2 40. Kd1 Nb4 41. Rc4 Nxa2 42. Ra4 Kc5 43. Rxa3 Nb4 44. Rc3+ Kd6 45. Ke2 Nd5 46. Ra3 Kd7 47.
Ra7 b6 48. Ra8 Nc3+ 49. Kd3 Nxb5 50. Ne2 Nd6 51. Nf4 g5 52. Nd5 Ne8 53. Kc3 Rb1 54.
d4 Rg1 55. e4 Rg3+ 56. Kc4 Nd6+ 57. Kb4 Nxe4 58. Ra7 Rxg4 59. Nxc7 Nd6 60. Nb5+ Ke6 61. Nc7+ Kf5 62. Kc3 Rg3+ 63. Kd2 Ke4 64. d5 Nc4+ 65.
Kc2 Ne3+ 66. Kd2 Nxd5 67. Ne8 Rg2+ 68. Kc1 Kd3 69. Rd7 Kc4 70. Nd6+ Kc3 71. Ne4+ Kc4 72.
Nd6+ Kc5 73. Ne4+ Kc4 74. Nd6+ 1/2-1/2

[Event "*** Titled Tuesday Blitz"]
[Site "Chess.com"]
[Date "2020.02.04"]
[Round "5"]
[White "bait_or_mate"]
[Black "Mikasinski"]
[Result "1-0"]
[WhiteElo "2527"]
[BlackElo "2249"]
[TimeControl "180+2"]
[EndTime "14:08:11 PST"]
[Termination "bait_or_mate won by checkmate"]

1. e4 e6 2. d4 d5 3. Nd2 Nf6 4. e5 Nfd7 5. Bd3 c5 6. c3 Nc6 7. Ne2 cxd4 8. cxd4 f6 9. exf6 Nxf6 10. O-O Bd6 11.
Nf3 Qc7 12. Bg5 O-O 13. Bh4 Nh5 14. Bg3 Nxg3 15. Nxg3 g6 16. a3 Qg7 17. Bc2 Bd7 18. Re1 Bc7 19. Qd2 Bb6 20. Rad1 Rxf3 21. gxf3 Nxd4 22. Re3 Rf8 23. Kg2 Nxc2 24. Qxc2 Bxe3 25.
fxe3 Bc6 26. Qe2 Qe5 27. Rd4 Qd6 28. Rf4 Rxf4 29. exf4 Qxf4 30. Qxe6+ Qf7 31. Qe5 d4 32. Ne4 Bxe4 33. Qxe4 Qc4 34. Qe8+ Kg7 35. Qe7+ Qf7 36. Qd6 Qf6 37. Qd7+ Kh6 38. Qh3+ Kg7 39. Qd7+ Kg8 40.
Qc8+ Qf8 41. Qc4+ Qf7 42. Qxd4 b6 43. h4 h5 44. b4 Kh7 45. Kg3 Qc7+ 46. Qf4 Qe7 47. Qe4 Qd7 48. Qe5 Qf7 49. a4 a6 50.
Qd6 Qb7 51. Kf2 Qa7 52. Kg2 Qf7 53. Kg3 Qb7 54. Qd8 b5 55. a5 Qf7 56. Qd6 Qg7 57.
Qxa6 Qe5+ 58. Kf2 Qd4+ 59. Kg2 Qxb4 60. Qa7+ Kh6 61. Qe3+ Kg7 62. a6 Qb2+ 63. Kh3 Qa2 64. a7 b4 65. Qe5+ Kh6 66. Qh8# 1-0

[Event "*** Titled Tuesday Blitz"]
[Site "Chess.com"]
[Date "2020.02.04"]
[Round "5"]
[White "SARGISMV"]
[Black "AleksanderHnydiuk"]
[Result "1-0"]
[WhiteElo "2405"]
[BlackElo "2546"]
[TimeControl "180+2"]
[EndTime "14:08:12 PST"]
[Termination "SARGISMV won by resignation"]

1. d4 Nf6 2. c4 e6 3. Nc3 Bb4 4. e3 O-O 5. Nf3 c5 6. d5 b5 7. Bd2 bxc4 8. Bxc4 Bb7 9. dxe6 fxe6 10. a3 Bxc3 11.
Bxc3 Ne4 12. Rc1 Nxc3 13. Rxc3 Bxf3 14. gxf3 d5 15. Be2 Nd7 16. h4 Rb8 17. Qc2 Qb6 18. b3 Ne5 19. f4 d4 20. Rxc5 d3 21. Qc3 dxe2 22. fxe5 Qb7 23. Rh2 Rbd8 24. Rc6 Qb5 25. Qc4 Qxe5 26. Qxe6+ Qxe6 27. Rxe6 Rd3 28. Kxe2 Rxb3 29.
Ra6 Rf7 30. Rg2 Rd7 31. Kf3 Kf8 32. Rg4 Ke8 33. Rga4 Rf7+ 34. Kg3 Rb2 35. Rf4 Rxf4 36. exf4 Rb3+ 37. Kg4 Rb7 38. Kf5 Kf7 39. Ke5 Rb5+ 40.
Ke4 Rb7 41. h5 h6 42. f5 Rc7 43. f4 Rd7 44. Ke5 Ke7 45. f6+ gxf6+ 46. Rxf6 Rd3 47. Ra6 Re3+ 48. Kf5 Kf8 49. Rxa7 Rg3 50. Kf6 Ke8 51. a4 Rg4 52. Kf5 Rg3 53. Rh7 Ra3 54. Ra7 Rg3 55. a5 Rf3 56. a6 Kf8 57. Kf6 Ke8 58. f5 Ra3 59. Kg6 Ra5 60. f6 Ra4 61.
f7+ 1-0

[Event "*** Titled Tuesday Blitz"]
[Site "Chess.com"]
[Date "2020.02.04"]
[Round "5"]
[White "AvitalBor"]
[Black "riconaipe"]
[Result "1/2-1/2"]
[WhiteElo "2747"]
[BlackElo "2557"]
[TimeControl "180+2"]
[EndTime "14:08:13 PST"]
[Termination "Game drawn by agreement"]

1. e4 g6 2. d4 Bg7 3. c3 d5 4. Nd2 dxe4 5. Nxe4 Nf6 6. Bd3 O-O 7. Nf3 Nxe4 8.
Bxe4 c5 9. dxc5 Qxd1+ 10. Kxd1 f5 11. Bd5+ e6 12. Bc4 Na6 13. Be3 Kh8 14. Bd4 Rd8 15. Kc2 Bxd4 16. cxd4 b6 17. cxb6 axb6 18. Rhe1 Bb7 19.
Rxe6 Bxf3 20. gxf3 Rxd4 21. Bxa6 Rxa6 22. Rd1 Rxd1 23. Kxd1 Rxa2 24. Rxb6 Kg7 25. Ke2 Kh6 26. f4 Kh5 27. Kf3 Ra1 28. Rb7 h6 29. b4 Ra3+ 30. Kg2 Rb3 31. Rb6 g5 32. fxg5 hxg5 33. h3 g4 34.
hxg4+ Kxg4 35. b5 f4 36. Rb8 Kg5 37. b6 Kg6 38. f3 Kg7 39. b7 Kh7 40. Kf2 Rb2+ 41.
Ke1 Kg7 42. Kd1 Kh7 43. Kc1 Rb6 44. Kc2 Kg7 45. Kc3 Kh7 46. Kd4 Rb4+ 47. Kc5 Rb1 48. Kd6 Kg7 49. Ke5 Rb4 50. Kf5 Kh7 51. Kg5 Kg7 52.
Rc8 Rxb7 53. Kxf4 Rb6 54. Kg5 Rb5+ 55. Kg4 Rb6 56. f4 Kf6 57. Rh8 Rb1 58. Rh6+ Kg7 59. Ra6 Rb5 60. Kh4 Kf7 61. Kg4 Kg7 62. Re6 Kf7 63. Rh6 Kg7 64. Rc6 Kf7 65. Kf3 Rb4 66. Rd6 Kg7 67. Rd3 Kf6 68. Kg4 Rb5 69. Rd4 Rc5 70.
Ra4 Rb5 71. f5 Rb1 72. Ra6+ Kf7 73. Ra7+ Kf6 74. Ra6+ Kf7 1/2-1/2